CorruptionSegfaultFreeze, neutral female scurrid Tourist -------------- |..........).-- |......Q..Q.)@| ..............| |..............# |............-- -------------- CorruptionSegfaultFreeze the Rambler Experience level: 1 Strength: 14 Dexterity: 12 Constitution: 13 Intelligence: 16 Wisdom: 6 Charisma: 13 Health: 0(9) Energy: 2(2) Def: 0 Gold: 735 Moves: 56 Dungeon seed: wFnXEfyo5VodMwDM Game ID: CorruptionSegfaultFreeze_1498581153 Your Inventory: Coins $ - 735 gold pieces Weapons a - 47 uncursed +2 darts (in quiver) Armor e - an uncursed +0 Hawaiian shirt (being worn) Comestibles b - 3 uncursed food rations c - 2 uncursed eggs d - 4 uncursed tripe rations f - an uncursed apple Scrolls h - 4 uncursed scrolls of magic mapping Potions g - 2 uncursed potions of extra healing Wands k - an uncursed wand of secret door detection (0:11) Tools i - an uncursed expensive camera (0:48) j - an uncursed credit card l - an uncursed oil lamp (lit) (0:985) Spells and supernatural/magical abilities: Name Level Category Fail Memory W - pray for help -- divine ? -- Your skills at the end: Miscellaneous Skills wands [Basic] Weapon Skills dart [Basic] Spellcasting Skills Final Attributes: You were devoutly aligned. You had wounded legs. You had infravision. You were very stealthy. You are dead. Vanquished creatures: a giant rat Voluntary challenges: You went without food. You did not adorn yourself with jewelry or accessories. You did not cause conflict. You were not invisible. You did not have reflection. You were not displaced. You were an atheist. You never hit with a wielded weapon. You did not use containers. You did not apply a unicorn horn. You did not use plumbed fixtures. You did not drink any magical draughts. You were illiterate. You never genocided any monsters. You never polymorphed an object. You never changed form. You used no wishes. You never split a pudding. You never wrote Elbereth's name. You never violated your personal moral code. Dungeon overview: The Dungeons of Doom: levels 1 to 19 Level 1 a long staircase Level 2 Level 3 a long staircase Level 4 Level 5 Level 6 a long staircase Level 7 Level 8 Level 9 a fountain Level 10 Level 11 Level 12 Level 13 Level 14 Level 15 Level 16 a fountain Level 17 Level 18 Level 19 <- You were here History has recorded: On T:1 you entered the Dungeons of Doom to retrieve the Amulet of Yendor! On T:4 you reached level 2 of The Dungeons of Doom. On T:9 you reached level 4 of The Dungeons of Doom. On T:11 you reached level 5 of The Dungeons of Doom. On T:19 you reached level 6 of The Dungeons of Doom. On T:21 you reached level 7 of The Dungeons of Doom. On T:23 you reached level 8 of The Dungeons of Doom. On T:25 you reached level 9 of The Dungeons of Doom. On T:28 you reached level 10 of The Dungeons of Doom. On T:29 you reached level 11 of The Dungeons of Doom. On T:32 you reached level 12 of The Dungeons of Doom. On T:34 you reached level 13 of The Dungeons of Doom. On T:37 you reached level 14 of The Dungeons of Doom. On T:39 you reached level 15 of The Dungeons of Doom. On T:41 you reached level 16 of The Dungeons of Doom. On T:43 you reached level 17 of The Dungeons of Doom. On T:43 you entered the Rogue tribute level. On T:46 you reached level 18 of The Dungeons of Doom. On T:48 you reached level 19 of The Dungeons of Doom. Score breakdown: Gold: 0 ( 0 points) Experience: 1 level ( 0 points) Exploration: 19 levels ( 540 points) Discoveries: 0 items ( 0 points) Variety of kills: 1 monster ( 50 points) Major goal: (nothing yet) ( 0 points) Survival: died (score multiplied by 3) Total score: 1770 Latest messages: You continue digging downward. You dig a pit in the floor. You continue digging downward. You dig a hole through the floor. You fall through... You start digging downward. You continue digging downward. You dig a pit in the floor. You continue digging downward. You dig a hole through the floor. You fall through... The Woodland-elf throws a runed dagger! You are hit by a runed dagger. The Woodland-elf throws a runed dagger! The runed dagger hits the Woodland-elf. The Woodland-elf picks up a runed dagger. Ouch! That hurts! The Woodland-elf throws a runed dagger! The runed dagger misses the Woodland-elf. You are hit by a runed dagger! You die... Final status: Aloha CorruptionSegfaultFreeze the Tourist, killed by an elven dagger... You died in The Dungeons of Doom on dungeon level 19 with 1770 points, and 735 pieces of gold, after 56 moves. You were level 1 with a maximum of 9 hit points when you died.